 Dungeon Crawl Stone Soup version 0.30-a0-782-ge64f9170bb (webtiles) character file.

Game seed: 17908286135352278783

53 Anamonty the Vexing (level 3, -3/28 HPs)
             Began as a Barachi Hexslinger on Feb 27, 2023.
             Slain by a scorpion (6 damage)
             ... on level 2 of the Dungeon.
             The game lasted 00:03:12 (1435 turns).

Anamonty the Vexing (Barachi Hexslinger)            Turns: 1435, Time: 00:03:13

Health: -3/28      AC:  2    Str: 11    XL:     3   Next: 87%
Magic:  0/5        EV: 12    Int: 13    God:
Gold:   80         SH:  0    Dex: 14    Spells: 4/5 levels left

rFire   . . .      SeeInvis .    l - +0 short sword
rCold   . . .      Faith    .    (no shield)
rNeg    . . .      Spirit   +    c - +0 robe
rPois   .          Reflect  .    (no helmet)
rElec   .          Harm     .    (no cloak)
rCorr   .          Rampage  .    (no gloves)
Will    .....                    (no boots)
Stlth   +                        j - amulet of guardian spirit
HPRegen 0.24/turn                (no ring)
MPRegen 0.09/turn                (no ring)

@: lethally poisoned (-3 -> -9), unable to hop, slow
A: amphibious, slowness 1, strong legs 1, +LOS
a: Hop


You were on level 2 of the Dungeon.
You visited 1 branch of the dungeon, and saw 3 of its levels.

You collected 80 gold pieces.

Inventory:

Hand Weapons
 a - a +1 sling
 l - a +0 short sword (weapon)
Armour
 c - a +0 robe (worn)
Jewellery
 j - an amulet of guardian spirit (around neck)
Scrolls
 b - a scroll of poison
 g - a scroll of silence {unknown}
 h - 2 scrolls of noise {unknown}
 m - a scroll of immolation {unknown}
 o - a scroll of enchant armour {unknown}
Potions
 d - a potion of curing
 e - a potion of resistance
 i - 2 potions of degeneration {unknown}
 k - a potion of mutation {unknown}
 n - a potion of magic {unknown}
 p - a potion of might {unknown}


   Skills:
 * Level 2.5 Fighting
 * Level 2.6 Ranged Weapons
 + Level 2.5 Dodging
 + Level 1.7 Spellcasting
 + Level 3.5 Hexes


You had 4 spell levels left.
You knew the following spells:

 Your Spells              Type           Power      Damage    Failure   Level
a - Slow                  Hex            40%        N/A       6%          1

Your spell library contained the following spells:

 Spells                   Type           Power      Damage    Failure   Level
 Blink                    Tloc           2%         N/A       36%         2
 Lesser Beckoning         Tloc           2%         N/A       36%         2
 Momentum Strike          Conj/Tloc      2%         3d8       36%         2
 Inner Flame              Hex/Fire       5%         N/A       36%         3
 Portal Projectile        Hex/Tloc       10%        N/A       36%         3
 Cause Fear               Hex            5%         N/A       52%         4


Dungeon Overview and Level Annotations

Branches:
Dungeon (3/15)

Altars:

Portals:
Sewer: D:3


Innate Abilities, Weirdness & Mutations

You are amphibious.
You cover ground slowly.
You can hop short distances.
You have an extended range of vision and can be seen from far away.


Message History

You climb upwards.
There is a stone staircase leading down here.
Hop to where?
Press: ? - help, Dir - move target Boing!
You shoot a sling bullet. The sling bullet hits the scorpion.
The scorpion is moderately wounded.
The scorpion stings you. x2
You shoot a sling bullet. The sling bullet hits the scorpion.
The scorpion is moderately wounded.
The scorpion stings you!
You are poisoned.
The scorpion poisons you!
l - a +0 short sword (weapon)
You feel sick. The scorpion closely misses you.
You feel sick.
You hit the scorpion.
The scorpion is severely wounded.
You feel sick. The scorpion stings you. The scorpion stings you!
You are lethally poisoned!
The scorpion poisons you!
Okay, then.
You feel better. The scorpion stings you.
You are lethally poisoned!
The scorpion poisons you!
You closely miss the scorpion.
The scorpion is severely wounded.
You feel very sick. The scorpion barely misses you.
You hit the scorpion but do no damage.
The scorpion is severely wounded.
* * * LOW HITPOINT WARNING * * *
You feel very sick. The scorpion stings you.
* * * LOW HITPOINT WARNING * * *
You barely miss the scorpion. Your punch misses the scorpion.
The scorpion is severely wounded.
* * * LOW HITPOINT WARNING * * *
You feel sick. The scorpion stings you!
You die...

################
#####.>.............
#..@s........##.####
#.###.######.##.#
##############.# #.# #.##.#
.............#.# #.### #.##.#
#######''###.#.# #...####.##.#
#####~~..~~#.#.#####.......#[#
#...#~##.#~#..#....#.####..#.#
....#~..##~###.#.....####..#.#
#.###~##..~# #...............#


You could see a scorpion.

Vanquished Creatures
  An adder (D:2)
  A dart slug (D:1)
  4 bats
  7 endoplasms
  3 goblins (D:2)
  4 hobgoblins (D:2)
  A quokka (D:2)
  6 ball pythons
  3 frilled lizards
  6 kobolds
  6 rats
42 creatures vanquished.

Notes
Turn   | Place    | Note
-------+----------+-------------------------------------------
     0 | D:1      | Anamonty the Barachi Hexslinger began the quest for the
                  | Orb.
     0 | D:1      | Reached XP level 1. HP: 15/15 MP: 2/2
   113 | D:1      | Reached XP level 2. HP: 22/22 MP: 3/3
   599 | D:2      | Reached XP level 3. HP: 24/27 MP: 3/5
  1411 | D:3      | Found a glowing drain.
  1417 | D:3      | Noticed a scorpion
  1435 | D:2      | Slain by a scorpion

Illustrated notes

Levels and vault maps discovered:
D:1:      dpeg_arrival_water_temple_mockup, layout_rooms
D:2:      layout_loops_ring, minmay_misc_feat_diagonals, corexii_corridor_pit,
          kennysheep_generic_room_12
D:3:      layout_rooms, cheibrodos_sewer_entry_sluice, basic_ecumenical_altar,
          kennysheep_generic_room_13, uniq_crazy_yiuf_cottage, uniq_ijyb,
          uniq_terence, uniq_natasha

Skill      XL: |  1  2 |
---------------+-------+-----
Fighting       | 2 |  2.5
Ranged Weapons | |  2.6
Dodging        | |  2.5
Spellcasting   | |  1.7
Hexes          | |  3.5

Action                     || total
---------------------------++-------
  Melee: Short sword       ||    60
         Punch             ||     1
   Fire: Sling             ||   126
Ability: Hop               ||     8
    Use: Scroll            ||     2
         Potion            ||     1
 Armour: Robe              ||    23
  Dodge: Dodged            ||    90

Table legend: (Time is in decaauts)
 A = Elapsed time spent in this place.
 B = Non-inter-level travel time spent in this place.
 C = Inter-level travel time spent in this place.
 D = Time resting spent in this place.
 E = Time spent auto-exploring this place.
 F = Levels seen in this place.
 G = Mean time per level.
                   A        B        C        D        E       F      G
               +--------+--------+--------+--------+--------+-----+--------+
         Total |   1658 |   1642 |     16 |      0 |   1302 |   3 |  552.7 |
       Dungeon |   1658 |   1642 |     16 |      0 |   1302 |   3 |  552.7 |
               +--------+--------+--------+--------+--------+-----+--------+

Top non-repeatable levels by time:
     D:2: 1096 daAuts
     D:1: 543 daAuts
     D:3: 18 daAuts
